[Event "*** SCC Grand Prix: Titled Tuesday Blitz"]
[Site "Chess.com"]
[Date "2020.07.21"]
[Round "3"]
[White "Dr-Bassem"]
[Black "AleksanderHnydiuk"]
[Result "1-0"]
[WhiteElo "2836"]
[BlackElo "2585"]
[TimeControl "180+1"]
[EndTime "10:26:01 PDT"]
[Termination "Dr-Bassem won by resignation"]

1. e4 c5 2. Nf3 e6 3. d3 Nc6 4. g3 g6 5. Bg2 Bg7 6. O-O Nge7 7. c3 e5 8. a3 O-O 9. b4 d6 10. Nbd2 h6 11. Nb3 b6 12. b5 Nb8 13. a4 a5 14. d4 Be6 15. d5 Bc8 16. Nfd2 Nd7 17.
Nc4 Qc7 18. Qd3 f5 19. f4 fxe4 20. Bxe4 Nf6 21. fxe5 Nxe4 22. Rxf8+ Kxf8 23. Qxe4 Bf5 24. Qf3 dxe5 25. d6 e4 26. Qxf5+ Nxf5 27. dxc7 Bxc3 28.
Nxb6 1-0

[Event "*** SCC Grand Prix: Titled Tuesday Blitz"]
[Site "Chess.com"]
[Date "2020.07.21"]
[Round "3"]
[White "Evachess2006"]
[Black "Efremov_Vlad"]
[Result "0-1"]
[WhiteElo "1606"]
[BlackElo "2188"]
[TimeControl "180+1"]
[EndTime "10:26:01 PDT"]
[Termination "Efremov_Vlad won on time"]

1. e4 c5 2. Nf3 e6 3. d4 cxd4 4.
Nxd4 Nc6 5. Nxc6 bxc6 6. Be2 d5 7. exd5 cxd5 8. O-O Nf6 9. Bg5 Be7 10. c4 O-O 11. cxd5 Nxd5 12. Bxe7 Qxe7 13. Nc3 Nxc3 14. bxc3 Bb7 15. Rb1 Rac8 16. Qb3 Bd5 17. Qb2 Qc7 18. c4 Ba8 19. Rfc1 Qf4 20. Bf1 Rc5 21. Qb3 Rfc8 22.
Qe3 Qc7 23. Rb3 a5 24. Rbc3 Bb7 25. Be2 Ba6 26. Bf3 Bxc4 0-1

[Event "*** SCC Grand Prix: Titled Tuesday Blitz"]
[Site "Chess.com"]
[Date "2020.07.21"]
[Round "3"]
[White "sergiochess83"]
[Black "IwkooO"]
[Result "1-0"]
[WhiteElo "2849"]
[BlackElo "2608"]
[TimeControl "180+1"]
[EndTime "10:26:03 PDT"]
[Termination "sergiochess83 won by resignation"]

1. e4 c5 2. Nf3 e6 3. d4 cxd4 4. Nxd4 Nc6 5. Nc3 a6 6. Bf4 Bb4 7. Nxc6 bxc6 8. Qd4 Bxc3+ 9. Qxc3 Nf6 10. f3 d5 11. O-O-O Bb7 12. g4 O-O 13. h4 a5 14.
h5 Qe7 15. h6 dxe4 16. Bd6 Qe8 17. hxg7 Kxg7 18. g5 1-0

[Event "*** SCC Grand Prix: Titled Tuesday Blitz"]
[Site "Chess.com"]
[Date "2020.07.21"]
[Round "3"]
[White "OK97"]
[Black "ehrenfeld"]
[Result "1-0"]
[WhiteElo "2812"]
[BlackElo "2529"]
[TimeControl "180+1"]
[EndTime "10:26:03 PDT"]
[Termination "OK97 won by checkmate"]

1. d4 f5 2. Bf4 Nf6 3. e3 d6 4. Nc3 g6 5. h4 h6 6. Qf3 Nc6 7.
O-O-O Bd7 8. Qg3 Kf7 9. Nh3 e6 10. Be2 Qe7 11. Bf3 e5 12. Nd5 Nxd5 13. Bxd5+ Kg7 14.
h5 exf4 15. Qxg6# 1-0

[Event "*** SCC Grand Prix: Titled Tuesday Blitz"]
[Site "Chess.com"]
[Date "2020.07.21"]
[Round "3"]
[White "Stormeman100100"]
[Black "Ariadna_Atreides"]
[Result "1-0"]
[WhiteElo "2466"]
[BlackElo "2100"]
[TimeControl "180+1"]
[EndTime "10:26:04 PDT"]
[Termination "Stormeman100100 won by checkmate"]

1. e4 c5 2. a3 Nc6 3. b4 cxb4 4. axb4 Nxb4 5. c3 Nc6 6. d4 d5 7. exd5 Qxd5 8. Na3 Nf6 9. Nb5 Qd8 10. d5 Ne5 11.
Bf4 Nfd7 12. Qe2 f6 13. Nf3 g5 14. Bxe5 fxe5 15. Nxe5 Nf6 16. d6 Nd5 17. Qh5# 1-0

[Event "*** SCC Grand Prix: Titled Tuesday Blitz"]
[Site "Chess.com"]
[Date "2020.07.21"]
[Round "3"]
[White "Bulldog167"]
[Black "CroissantNeuf"]
[Result "1-0"]
[WhiteElo "2739"]
[BlackElo "2433"]
[TimeControl "180+1"]
[EndTime "10:26:06 PDT"]
[Termination "Bulldog167 won by resignation"]

1. e4 c6 2. Nc3 d5 3. Nf3 dxe4 4. Nxe4 Nf6 5. Qe2 Bg4 6. Nxf6+ gxf6 7. g3 c5 8. Bg2 Nc6 9. c3 Ne5 10. d4 cxd4 11. cxd4 Bxf3 12. Bxf3 Qxd4 13. O-O Qb6 14. Be3 Nxf3+ 15. Qxf3 Qc6 16. Qh5 Bg7 17. Rac1 Qe4 18.
Qb5+ Kf8 19. Rc4 Qf3 20. Rfc1 Kg8 21. Rc8+ Rxc8 22. Rxc8+ Bf8 23. Bh6 1-0

[Event "*** SCC Grand Prix: Titled Tuesday Blitz"]
[Site "Chess.com"]
[Date "2020.07.21"]
[Round "3"]
[White "SantoBlue"]
[Black "OnePeculiarConundrum"]
[Result "1-0"]
[WhiteElo "2721"]
[BlackElo "2347"]
[TimeControl "180+1"]
[EndTime "10:26:09 PDT"]
[Termination "SantoBlue won by resignation"]

1. e4 c5 2. Nf3 d6 3. d4 cxd4 4.
Nxd4 Nf6 5. Nc3 a6 6. a3 e6 7. g4 b5 8. g5 Nfd7 9. h4 Bb7 10. Bg2 Nb6 11. h5 Be7 12. g6 hxg6 13.
hxg6 Rxh1+ 14. Bxh1 Qd7 15. Qh5 Bf6 16. e5 dxe5 17.
gxf7+ Qxf7 18. Qh8+ Qf8 19. Qxf8+ Kxf8 20. Nxe6+ Ke7 21.
Bxb7 Ra7 22. Nc5 Kd6 23. N3e4+ Kc7 24. Nxf6 gxf6 25. Bg2 Kd6 26. Be3 Nc4 27. O-O-O+ Ke7 28. Rh1 Nxe3 29. fxe3 Kd6 30. Ne4+ Ke6 31. Rh6 Rf7 32. Ng5+ 1-0

[Event "*** SCC Grand Prix: Titled Tuesday Blitz"]
[Site "Chess.com"]
[Date "2020.07.21"]
[Round "3"]
[White "The_Machine04"]
[Black "Alberquintin"]
[Result "0-1"]
[WhiteElo "2291"]
[BlackElo "2484"]
[TimeControl "180+1"]
[EndTime "10:26:09 PDT"]
[Termination "Alberquintin won by resignation"]

1. d4 Nf6 2. Bg5 g6 3. Bxf6 exf6 4. g3 Bg7 5. Bg2 O-O 6. e3 d6 7. Ne2 c5 8. O-O Nc6 9. c4 cxd4 10. exd4 Bg4 11.
Nbc3 Bxe2 12. Nxe2 f5 13. Qd2 Qb6 14. Rfd1 Rfe8 15.
Rab1 Re7 16. Bf3 Rae8 17. b4 Rxe2 18. Bxe2 Nxd4 19. Re1 Rxe2 20. Qd3 Rxe1+ 21. Rxe1 Be5 22. a3 Qc6 23. Re3 Ne6 24. Re2 f4 25. Qd5 Nd4 26. Rd2 Qxd5 27. cxd5 Nf3+ 0-1

[Event "*** SCC Grand Prix: Titled Tuesday Blitz"]
[Site "Chess.com"]
[Date "2020.07.21"]
[Round "3"]
[White "1d4_1-0"]
[Black "Xeniya2005"]
[Result "0-1"]
[WhiteElo "2143"]
[BlackElo "2379"]
[TimeControl "180+1"]
[EndTime "10:26:10 PDT"]
[Termination "Xeniya2005 won by resignation"]

1. d4 Nf6 2. c4 b6 3. f3 Nc6 4. Nc3 g6 5. e3 Bg7 6. Bd3 Bb7 7.
Nge2 e6 8. Bd2 d5 9. Nf4 O-O 10.
h4 dxc4 11. Bxc4 e5 12. dxe5 Nxe5 13. Be2 h5 14. Qc2 Qe7 15. e4 c5 16. O-O-O a6 17.
Be3 Rac8 18. Ncd5 Nxd5 19. Nxd5 Bxd5 20. Rxd5 Nc6 21. Bxa6 Nb4 22. Qb3 Nxa6 23. g4 Nb4 24. Rg5 c4 25. Qd1 Nd3+ 26. Kb1 Nxb2 27. Qc2 Nd3 28. Bd2 Qf6 29. e5 Qxf3 30. gxh5 Qxh1+ 0-1

[Event "*** SCC Grand Prix: Titled Tuesday Blitz"]
[Site "Chess.com"]
[Date "2020.07.21"]
[Round "3"]
[White "Igor_Lysyj"]
[Black "RestartingChess"]
[Result "1-0"]
[WhiteElo "2807"]
[BlackElo "2527"]
[TimeControl "180+1"]
[EndTime "10:26:11 PDT"]
[Termination "Igor_Lysyj won by checkmate"]

1. d4 Nf6 2. c4 e5 3. dxe5 Ng4 4. Nf3 Bc5 5. e3 Nc6 6. Nc3 Ngxe5 7. Be2 Nxf3+ 8. gxf3 Ne5 9. f4 Ng6 10. b3 d6 11. Bb2 Qh4 12. Qd2 O-O 13. Ne4 Bb6 14.
O-O-O Re8 15. Qc3 f6 16. Ng3 Bg4 17. Bxg4 Qxg4 18. Rdg1 Qf3 19. Qc2 Rad8 20. h4 Rxe3 21. fxe3 Bxe3+ 22. Kb1 Bxg1 23. Rxg1 Nxf4 24. Nf5 g6 25.
Bxf6 Rf8 26. Nh6# 1-0

[Event "*** SCC Grand Prix: Titled Tuesday Blitz"]
[Site "Chess.com"]
[Date "2020.07.21"]
[Round "3"]
[White "Gorin_Leonid"]
[Black "exoticprincess"]
[Result "0-1"]
[WhiteElo "2569"]
[BlackElo "2840"]
[TimeControl "180+1"]
[EndTime "10:26:11 PDT"]
[Termination "exoticprincess won by resignation"]

1. e4 c6 2. d4 d5 3. Nd2 dxe4 4. Nxe4 Nf6 5. Nxf6+ exf6 6. c3 Bd6 7. Bd3 O-O 8.
Qc2 Re8+ 9. Ne2 g6 10. O-O Nd7 11. Be3 Qc7 12. h3 a5 13. c4 c5 14. Nc3 cxd4 15.
Nb5 Bh2+ 16. Kh1 Qb8 17. Bxd4 Be5 18. Rfe1 Rd8 19. Rad1 Ra6 20. b3 Kg7 21. Be4 Re6 22. Bd5 Ree8 23. Qc3 b6 24. Re3 Ba6 25. a4 Bxb5 26.
axb5 Bxd4 27. Qxd4 Rxe3 28. Qxe3 Re8 29. Qc3 Nc5 30.
b4 axb4 31. Qxb4 Qf4 32. Qd2 Qe5 33. Qd4 Qxd4 34. Rxd4 Re2 35. Kg1 f5 36. Bf3 Re1+ 37. Kh2 Kf6 38. Rd6+ Re6 39. Rd5 h5 40. h4 Re5 41.
Rd6+ Re6 42. Rd5 Ke7 43. g3 Rd6 44. Re5+ Kf6 45. Re1 Rd2 46. Kg2 Nd3 47. Re2 Rxe2 48. Bxe2 Nc5 49. f4 Ke7 50. Kf2 Kd6 51. Bf3 Ne4+ 52.
Bxe4 fxe4 53. Ke3 f5 54. Kd4 Kd7 55. Kc3 Ke6 56. Kd4 Kd6 0-1

[Event "*** SCC Grand Prix: Titled Tuesday Blitz"]
[Site "Chess.com"]
[Date "2020.07.21"]
[Round "3"]
[White "Harry_Rakkel"]
[Black "LaPorfia"]
[Result "1-0"]
[WhiteElo "2541"]
[BlackElo "2234"]
[TimeControl "180+1"]
[EndTime "10:26:12 PDT"]
[Termination "Harry_Rakkel won by resignation"]

1. e4 d5 2. exd5 Nf6 3. d4 Bg4 4. Be2 Bxe2 5. Qxe2 Qxd5 6. Nf3 Nc6 7. c4 Qf5 8. O-O O-O-O 9. d5 Nb4 10. a3 Nc2 11.
Ra2 e5 12. Qxe5 Qd3 13. Qc3 Qg6 14. Ne5 Qf5 15. Nxf7 Bd6 16. Nxd6+ Rxd6 17. b4 Nd4 18. Qxd4 Qxb1 19. Qxa7 Re8 20. Rb2 Qe4 21. Qa8+ Kd7 22.
Qxb7 Ng4 23. h3 Ne5 24. Qb5+ Kd8 25. Bg5+ Kc8 26. Qxe8+ 1-0

[Event "*** SCC Grand Prix: Titled Tuesday Blitz"]
[Site "Chess.com"]
[Date "2020.07.21"]
[Round "3"]
[White "rududuyk"]
[Black "warmoatmeal"]
[Result "0-1"]
[WhiteElo "2067"]
[BlackElo "2360"]
[TimeControl "180+1"]
[EndTime "10:26:13 PDT"]
[Termination "warmoatmeal won on time"]

1. e4 e6 2. d4 b6 3. Nc3 Bb7 4. Bd3 Nf6 5. Bg5 Be7 6. f4 h6 7. Bh4 d5 8. e5 Ne4 9. Bxe7 Qxe7 10. Nxe4 dxe4 11. Bb5+ Bc6 12. Bxc6+ Nxc6 13. c3 O-O-O 14. Qa4 Kb7 15. O-O-O g5 16. Ne2 f6 17. g3 Rhf8 18. Kb1 f5 19. Qb3 a5 20. d5 exd5 21.
Rxd5 Rxd5 22. Qxd5 Rd8 23. Qb5 Rd2 24. Nd4 Nxd4 25.
cxd4 Qb4 26. Qd5+ Ka7 0-1

[Event "*** SCC Grand Prix: Titled Tuesday Blitz"]
[Site "Chess.com"]
[Date "2020.07.21"]
[Round "3"]
[White "stanyga"]
[Black "Shield12"]
[Result "1/2-1/2"]
[WhiteElo "2585"]
[BlackElo "2844"]
[TimeControl "180+1"]
[EndTime "10:26:14 PDT"]
[Termination "Game drawn by repetition"]

1. e4 c5 2. Nf3 Nc6 3. Bb5 Nf6 4. e5 Nd5 5. O-O g6 6. Nc3 Nc7 7. Bxc6 dxc6 8. Ne4 b6 9. Re1 Bg7 10. Nf6+ Kf8 11.
Ne4 h6 12. h3 Be6 13. d3 Qd7 14. a4 a5 15. b3 Rd8 16. Qe2 Nd5 17. Bd2 Kg8 18.
Rad1 Kh7 19. Bc1 Bf5 20. c4 Nb4 21. d4 cxd4 22. Nxd4 Bxe4 23. Qxe4 c5 24. e6 Qd6 25. Nf3 Qxd1 26. Rxd1 Rxd1+ 27. Kh2 Rxc1 28. exf7 Bf6 29. Ne5 Bxe5+ 30. Qxe5 Rf8 31. Qxe7 Kg7 32. Qe5+ Kh7 33. Qe7 Kg7 34. Qe5+ Kh7 35. Qe7 1/2-1/2

[Event "*** SCC Grand Prix: Titled Tuesday Blitz"]
[Site "Chess.com"]
[Date "2020.07.21"]
[Round "3"]
[White "Zufi1811"]
[Black "seorobert1971"]
[Result "1-0"]
[WhiteElo "2485"]
[BlackElo "2686"]
[TimeControl "180+1"]
[EndTime "10:26:17 PDT"]
[Termination "Zufi1811 won by resignation"]

1. e4 e5 2. Nf3 Nc6 3. Bb5 a6 4. Ba4 Nf6 5. O-O Be7 6. Re1 b5 7. Bb3 O-O 8. h3 d6 9. c3 Na5 10. Bc2 c5 11. d4 Qc7 12. Nbd2 Nc6 13. d5 Nb8 14. Nf1 Nbd7 15. g4 c4 16. Ng3 Nc5 17. Be3 Rd8 18. Kh2 Nfd7 19. Nf5 Bf8 20. Rg1 Nb6 21. Bg5 Re8 22. Qd2 a5 23. Rg2 b4 24.
Rag1 bxc3 25. bxc3 Nd3 26. Bxd3 cxd3 27. Qxd3 Ba6 28.
Qe3 Nc4 29. Qc1 Rab8 30. Bf6 gxf6 31. g5 Kh8 32. gxf6 Be7 33. Qh6 Rg8 34. Rxg8+ Rxg8 35. Rxg8+ 1-0

[Event "*** SCC Grand Prix: Titled Tuesday Blitz"]
[Site "Chess.com"]
[Date "2020.07.21"]
[Round "3"]
[White "S2PAc"]
[Black "Bayernbk"]
[Result "1-0"]
[WhiteElo "2792"]
[BlackElo "2501"]
[TimeControl "180+1"]
[EndTime "10:26:24 PDT"]
[Termination "S2PAc won by resignation"]

1. d4 Nf6 2. g3 e6 3. Bg2 d5 4. Nf3 Be7 5. O-O O-O 6. c4 c6 7.
Nc3 b6 8. Ne5 Nfd7 9. Nf3 Bb7 10. Bf4 Nf6 11. Qc2 Na6 12. Rfd1 Rc8 13. Qa4 Nh5 14.
Be3 Nf6 15. Ne5 Nd7 16. Nxd7 Qxd7 17. cxd5 exd5 18. Nxd5 b5 19. Nxe7+ Qxe7 20. Qb3 Nc7 21. Bf3 a6 22. Bd2 Rfd8 23. Ba5 Rd7 24. Rac1 Ne6 25. e3 c5 26. Bxb7 Rxb7 27. dxc5 Rxc5 28. Bb4 Rxc1 29. Bxe7 Rxd1+ 30. Qxd1 Rxe7 31. Qd6 Re8 32. Qxa6 b4 33. Qb5 h6 34. Qxb4 Ng5 35. h4 Nf3+ 36. Kg2 Ne5 37. a4 Re7 1-0

[Event "*** SCC Grand Prix: Titled Tuesday Blitz"]
[Site "Chess.com"]
[Date "2020.07.21"]
[Round "3"]
[White "VitaliyBernadskiy"]
[Black "AsaHoffmann"]
[Result "1-0"]
[WhiteElo "2728"]
[BlackElo "2429"]
[TimeControl "180+1"]
[EndTime "10:26:24 PDT"]
[Termination "VitaliyBernadskiy won by checkmate"]

1. d4 Nf6 2. c4 c5 3. d5 e5 4.
Nc3 d6 5. e4 Be7 6. Bd3 Nbd7 7.
Nge2 Nf8 8. f3 Ng6 9. Be3 Nh5 10. Qd2 O-O 11. O-O-O a6 12. g3 Bd7 13. f4 exf4 14.
Nxf4 Nf6 15. Nxg6 hxg6 16. h3 b5 17. g4 bxc4 18. Bc2 Bb5 19. e5 Ne8 20. h4 dxe5 21. h5 gxh5 22. Bh7+ Kxh7 23. Rxh5+ Kg8 24. d6 Bf6 25.
Rdh1 g6 26. Rh8+ Bxh8 27. Qh2 Qf6 28. Qh7# 1-0

[Event "*** SCC Grand Prix: Titled Tuesday Blitz"]
[Site "Chess.com"]
[Date "2020.07.21"]
[Round "3"]
[White "nitpicker"]
[Black "ChessAurochs"]
[Result "0-1"]
[WhiteElo "2234"]
[BlackElo "2515"]
[TimeControl "180+1"]
[EndTime "10:26:24 PDT"]
[Termination "ChessAurochs won by resignation"]

1. d4 Nf6 2. c4 e6 3. Nf3 d5 4.
g3 Bb4+ 5. Bd2 Bd6 6. Qc2 c6 7.
Bg2 Nbd7 8. O-O O-O 9. Bf4 Bxf4 10. gxf4 Ne4 11. e3 f5 12. Nbd2 Rf6 13. Ne5 Nxe5 14.
fxe5 Rh6 15. f3 Nxd2 16. Qxd2 Qh4 17. h3 f4 18. e4 Bd7 19. Qf2 Qg5 20. Kh2 dxc4 21.
Bh1 Qh5 22. Bg2 b5 23. b3 cxb3 24. axb3 c5 25. dxc5 Qxe5 26. Rfd1 Be8 27. Rd6 Qxa1 0-1

[Event "*** SCC Grand Prix: Titled Tuesday Blitz"]
[Site "Chess.com"]
[Date "2020.07.21"]
[Round "3"]
[White "Kildepiotr"]
[Black "Jumbo"]
[Result "0-1"]
[WhiteElo "2609"]
[BlackElo "2857"]
[TimeControl "180+1"]
[EndTime "10:26:27 PDT"]
[Termination "Jumbo won by resignation"]

1. Nf3 Nf6 2. g3 b6 3. Bg2 Bb7 4. O-O g6 5. c4 c5 6. Nc3 Bg7 7. d3 d5 8. cxd5 Nxd5 9. Bd2 Nc7 10. Qc2 O-O 11. a3 Nc6 12. Rac1 Rc8 13. Qb1 Qd7 14. b4 Ne6 15. Ne4 cxb4 16. axb4 Ncd4 17. Nxd4 Nxd4 18.
Rfe1 Rxc1 19. Bxc1 Rc8 20. Bb2 Qc7 21. e3 Nb5 22.
Rc1 Qd7 23. Bxg7 Kxg7 24. d4 Bxe4 25. Bxe4 Nc3 26. Qc2 Ne2+ 27. Qxe2 Rxc1+ 28. Kg2 Qc7 29. b5 Qc3 30. Qa2 Qe1 31. Qxa7 Qh1+ 0-1

[Event "*** SCC Grand Prix: Titled Tuesday Blitz"]
[Site "Chess.com"]
[Date "2020.07.21"]
[Round "3"]
[White "pfalcon1949"]
[Black "krasavetc"]
[Result "0-1"]
[WhiteElo "1997"]
[BlackElo "2290"]
[TimeControl "180+1"]
[EndTime "10:26:28 PDT"]
[Termination "krasavetc won by resignation"]

1. d4 Nf6 2. c4 e6 3. Nc3 Bb4 4. Qc2 O-O 5. e4 d6 6. Nf3 e5 7. d5 Bxc3+ 8. Qxc3 Nxe4 9. Qc2 f5 10.
Bd3 Nc5 11. Be2 a5 12. Bg5 Qe8 13. Be3 Nba6 14. O-O f4 15. Bxc5 Nxc5 16. a3 Bf5 17. Qc3 a4 18. Nd2 Qg6 19. f3 Rae8 20. b4 axb3 21.
Nxb3 Nxb3 22. Qxb3 b6 23. a4 e4 24. a5 bxa5 25.
Rxa5 exf3 26. Bxf3 Re3 27. Qd1 Be4 28. c5 Bxf3 29.
Rxf3 Rfe8 30. Rxe3 fxe3 31. cxd6 cxd6 32. Qe2 Qb1+ 33.
Qf1 Qb6 34. Ra6 Qd4 35. Qe2 Qd2 36. Ra2 Qxd5 37. Ra3 Qe4 38. Qa2+ d5 39. Ra4 Qe5 40. Qe2 d4 41. Qc4+ Kh8 42. Qe2 d3 43. Qxd3 e2 0-1

[Event "*** SCC Grand Prix: Titled Tuesday Blitz"]
[Site "Chess.com"]
[Date "2020.07.21"]
[Round "3"]
[White "Malysch"]
[Black "crescentmoon2411"]
[Result "0-1"]
[WhiteElo "2443"]
[BlackElo "2819"]
[TimeControl "180+1"]
[EndTime "10:26:30 PDT"]
[Termination "crescentmoon2411 won on time"]

1. d4 Nf6 2. c4 e6 3. g3 c5 4. d5 exd5 5. cxd5 d6 6. Nc3 g6 7. Bg2 Bg7 8. Nf3 O-O 9. Nd2 a6 10. a4 Nbd7 11. O-O Re8 12. h3 Rb8 13. Nc4 Ne5 14. Na3 Nh5 15. e4 Bd7 16. a5 b5 17. axb6 Rxb6 18. g4 Nf6 19. f4 Nfxg4 20. hxg4 Nxg4 21. Nc2 Qh4 22. Rf3 Bxc3 23. Rxc3 Qh2+ 24.
Kf1 Bb5+ 25. Rd3 Qg3 26. Be3 Bxd3+ 27. Qxd3 Rxb2 28. Re1 Rxc2 0-1

[Event "*** SCC Grand Prix: Titled Tuesday Blitz"]
[Site "Chess.com"]
[Date "2020.07.21"]
[Round "3"]
[White "FMKonstantin_Twitch"]
[Black "1f3_2g41-0"]
[Result "0-1"]
[WhiteElo "2571"]
[BlackElo "2379"]
[TimeControl "180+1"]
[EndTime "10:26:31 PDT"]
[Termination "1f3_2g41-0 won by resignation"]

1. Nf3 d5 2. g3 Nf6 3. Bg2 g6 4. O-O Bg7 5. d3 O-O 6. c4 c5 7. cxd5 Nxd5 8. Nc3 Nxc3 9. bxc3 Bxc3 10. Rb1 Nc6 11. Be3 b6 12. Ng5 Bb7 13. Ne4 Bd4 14.
Nxc5 Bxc5 15. Bxc5 bxc5 16. Rxb7 Nb4 17. a3 Nd5 18.
Qb3 Nb6 19. Rc1 Qd6 20. a4 Rab8 21. Rxa7 e5 22. a5 Nd5 23. Qxd5 Qf6 24. a6 Rb2 25. Bf3 Qg5 26. Rb7 Qxc1+ 27. Kg2 e4 28. Qxe4 Ra2 29. a7 Ra1 30. Kh3 Qf1+ 31. Bg2 Qxf2 32. Rc7 c4 33. d4 Ra5 34. g4 Ra3+ 35. Bf3 Qf1+ 36. Kh4 Qf2+ 37.
Kg5 Qxh2 38. Qe5 f6+ 39. Qxf6 Rxf6 40. Kxf6 Qxc7 0-1

[Event "*** SCC Grand Prix: Titled Tuesday Blitz"]
[Site "Chess.com"]
[Date "2020.07.21"]
[Round "3"]
[White "Jaka_Brilej"]
[Black "Joseacorrea"]
[Result "1-0"]
[WhiteElo "2358"]
[BlackElo "1970"]
[TimeControl "180+1"]
[EndTime "10:26:31 PDT"]
[Termination "Jaka_Brilej won by resignation"]

1. e4 c5 2. Nf3 g6 3. d4 cxd4 4. Nxd4 Bg7 5. c4 Nc6 6. Be3 d6 7. Nc3 f5 8. exf5 Bxf5 9. Nxf5 gxf5 10. Qh5+ Kf8 11. Qxf5+ Nf6 12. Be2 Qc8 13. Qc2 Ne5 14.
Ne4 d5 15. Nxf6 Bxf6 16. Bh6+ Kf7 17. O-O dxc4 18. f4 Ng6 19. Bxc4+ e6 20. f5 Qc5+ 21. Kh1 Rac8 22. Bxe6+ Ke7 23. Qb3 Ne5 24. Bxc8 Rxc8 25. Qe6+ 1-0

[Event "*** SCC Grand Prix: Titled Tuesday Blitz"]
[Site "Chess.com"]
[Date "2020.07.21"]
[Round "3"]
[White "gagtemp"]
[Black "Karacsonyi_Gellert"]
[Result "0-1"]
[WhiteElo "1975"]
[BlackElo "2461"]
[TimeControl "180+1"]
[EndTime "10:26:33 PDT"]
[Termination "Karacsonyi_Gellert won by resignation"]

1. e4 c5 2. Nf3 Nc6 3. d4 cxd4 4. Nxd4 g6 5. Nc3 Bg7 6. Be3 Nf6 7. f3 O-O 8. Qd2 d5 9. Nxc6 bxc6 10. e5 Nd7 11. f4 e6 12. O-O-O c5 13. Bf2 Rb8 14. h4 Qa5 15.
Kb1 Qb4 16. b3 f6 17. exf6 Bxf6 18. Rh3 Nb6 19. h5 e5 20. Nxd5 Qxd2 21. Rxd2 Nxd5 22. Rxd5 Bxh3 23. gxh3 exf4 24. hxg6 hxg6 25. Bc4 Kh7 26. Bxc5 Rfe8 27. Bf2 Rbd8 28. Rxd8 Rxd8 29. Bd3 f3 30. Bxa7 Bd4 31. Bxd4 Rxd4 32. a4 Rxd3 33. cxd3 f2 0-1

[Event "*** SCC Grand Prix: Titled Tuesday Blitz"]
[Site "Chess.com"]
[Date "2020.07.21"]
[Round "3"]
[White "Iball95"]
[Black "Sibelephant"]
[Result "0-1"]
[WhiteElo "2700"]
[BlackElo "3109"]
[TimeControl "180+1"]
[EndTime "10:26:37 PDT"]
[Termination "Sibelephant won by resignation"]

1. e4 e5 2. Nf3 Nc6 3. Nc3 Nf6 4.
Bb5 Bd6 5. a3 a6 6. Bc4 Bc5 7. d3 d6 8. h3 Be6 9. Bxe6 fxe6 10.
Be3 Nd7 11. d4 exd4 12. Nxd4 Nxd4 13. Bxd4 O-O 14. O-O Qg5 15. Bxc5 Qxc5 16. Qe2 Rf6 17. Kh1 Raf8 18. f3 Ne5 19. Qf2 Qc6 20. Qd4 Qe8 21.
Rad1 Qh5 22. Rd2 Rxf3 23. Rxf3 Rxf3 24. gxf3 Nxf3 25. Rh2 Nxd4 0-1

[Event "*** SCC Grand Prix: Titled Tuesday Blitz"]
[Site "Chess.com"]
[Date "2020.07.21"]
[Round "3"]
[White "kingofthenil"]
[Black "Walter_White_Poland"]
[Result "1-0"]
[WhiteElo "2424"]
[BlackElo "2248"]
[TimeControl "180+1"]
[EndTime "10:26:38 PDT"]
[Termination "kingofthenil won by resignation"]

1. e4 e6 2. d4 d5 3. exd5 exd5 4. Nf3 Nf6 5. Bd3 c5 6. O-O c4 7. Re1+ Be7 8. Bf1 O-O 9. b3 cxb3 10. axb3 Nc6 11.
c4 h6 12. h3 Bf5 13. Ba3 Bxb1 14. Bxe7 Nxe7 15. Qxb1 Nc6 16. Qb2 Qd6 17. c5 Qf4 18. Bb5 Rfe8 19. Rxe8+ Nxe8 20. Bxc6 bxc6 21. Ne5 Rc8 22.
Rxa7 Nc7 23. Nxc6 Kh8 24. Ne5 f6 25. Ng6+ Kh7 26. Nxf4 Kg8 27. Rxc7 Rxc7 28. Nxd5 Rb7 29. Ne3 Ra7 30. Qc2 Re7 31. Qc4+ Kf8 32. d5 Ra7 33. d6 Ra1+ 34. Kh2 Rc1 35. Qxc1 1-0

[Event "*** SCC Grand Prix: Titled Tuesday Blitz"]
[Site "Chess.com"]
[Date "2020.07.21"]
[Round "3"]
[White "Julianos82"]
[Black "ChessArchitect64"]
[Result "1-0"]
[WhiteElo "2259"]
[BlackElo "1841"]
[TimeControl "180+1"]
[EndTime "10:26:38 PDT"]
[Termination "Julianos82 won by resignation"]

1. d4 Nf6 2. Nf3 g6 3. c4 Bg7 4. Nc3 O-O 5. e4 d6 6. Be2 e5 7. Be3 Nc6 8. d5 Ne7 9. Nd2 Nd7 10. b4 f5 11. f3 Nf6 12. c5 f4 13. Bf2 Rf7 14. Nc4 Ne8 15. a4 g5 16. h3 Ng6 17. a5 Bf8 18. Rc1 Nf6 19. Qb3 h5 20.
cxd6 cxd6 21. Nb5 a6 22. Nb6 axb5 23. Nxa8 g4 24. hxg4 hxg4 25. Bb6 Qe8 26. Nc7 Rxc7 27. Rxc7 gxf3 28. gxf3 Ne7 29. Rg1+ Bg7 30. Qc2 Bh3 31.
Bf1 Bxf1 32. Kxf1 Kf8 33. Qh2 1-0

[Event "*** SCC Grand Prix: Titled Tuesday Blitz"]
[Site "Chess.com"]
[Date "2020.07.21"]
[Round "3"]
[White "FMalexhdez"]
[Black "ChronicUnhappiness"]
[Result "0-1"]
[WhiteElo "2137"]
[BlackElo "2376"]
[TimeControl "180+1"]
[EndTime "10:26:39 PDT"]
[Termination "ChronicUnhappiness won by resignation"]

1. e4 Nf6 2. e5 Nd5 3. Nc3 Nxc3 4. dxc3 d6 5. exd6 Qxd6 6. Be3 Qxd1+ 7. Rxd1 Nc6 8. f4 Bg4 9. Be2 Bxe2 10. Nxe2 e6 11. Nd4 Nxd4 12. cxd4 O-O-O 13. Ke2 h5 14. c4 c6 15. d5 exd5 16. cxd5 c5 17. Rd2 b6 18. Rc1 Kd7 19. a3 Bd6 20. Rc4 a5 21. b4 b5 22. Re4 cxb4 23. axb4 Bxb4 24. Ra2 Rhe8 25. Kf3 Rxe4 26. Kxe4 Rc8 27. Bd4 f6 28. Kf5 a4 29. Kg6 Bf8 30. Kf7 a3 0-1

[Event "*** SCC Grand Prix: Titled Tuesday Blitz"]
[Site "Chess.com"]
[Date "2020.07.21"]
[Round "3"]
[White "GadimbayliA"]
[Black "Denmark2015"]
[Result "1/2-1/2"]
[WhiteElo "2864"]
[BlackElo "2624"]
[TimeControl "180+1"]
[EndTime "10:26:41 PDT"]
[Termination "Game drawn by agreement"]

1. e4 e6 2. d4 d5 3. Nd2 Ne7 4.
c3 Nbc6 5. Bd3 e5 6. exd5 Nxd5 7. Ne2 exd4 8. cxd4 Be7 9. O-O O-O 10. h3 Ndb4 11.
Bb1 Nxd4 12. Nxd4 Qxd4 13. a3 Nc6 14. Qb3 Bd6 15. Nf3 Qb6 16. Qc2 g6 17. Bh6 Re8 18.
Qc3 Ne5 19. Ng5 Qc6 20. Qb3 Be6 21. Nxe6 Rxe6 22. Qd1 Bf8 23. Be3 Bg7 24. Ba2 Rd6 25. Qe2 Nd3 1/2-1/2

[Event "*** SCC Grand Prix: Titled Tuesday Blitz"]
[Site "Chess.com"]
[Date "2020.07.21"]
[Round "3"]
[White "PauloCesarCosta_sad"]
[Black "Konavets"]
[Result "0-1"]
[WhiteElo "2202"]
[BlackElo "3049"]
[TimeControl "180+1"]
[EndTime "10:26:42 PDT"]
[Termination "Konavets won on time"]

1. Nf3 Nf6 2. c4 e6 3. d4 d5 4. Nc3 Be7 5. Bg5 O-O 6. e3 b6 7.
cxd5 exd5 8. Bd3 Bb7 9. O-O c5 10. Rc1 Nbd7 11. Qe2 a6 12. Rfd1 Re8 13. dxc5 bxc5 14. b3 Qa5 15. Na4 c4 16. Bf5 Ba3 17.
Rb1 c3 18. Nd4 Bb4 19. Nc2 Bd6 20. Rbc1 Re5 21. Bxf6 Nxf6 22. Bd3 Rc8 23. Nd4 Ne4 24. Bxe4 Rxe4 25. Rc2 Qd8 26. Rdc1 Ba3 27. Rd1 Bb4 28. Rdc1 Qf6 29. Qd3 Rce8 30. g3 h5 31. Nxc3 R4e5 32. h4 Bd6 33. Nce2 Re4 34. Rd2 a5 35. Rdc2 Ba3 0-1